Map: Curious Minds LE

Players

Lambo - Winner!

  • Race: Zerg Zerg
  • League: Grandmaster

TLHarstem (Harstem)

  • Race: Protoss Protoss
  • League: Master

Event: DreamHack SC2 Masters Last Chance 2022

VOD

Have the link to the VOD?

Description

Time

  • Played on: Dec. 17, 2021, 1:50 p.m.
  • Length: 9:58

All games in this series

Show
View Real Time Build Order
Export as new Build Order

Lambo Zerg - Winner!

Build Orders: Hatch First 

Get SALT Encoding   

  12  0:00  Drone  
  13  0:12  Overlord  
  13  0:18  Drone  
  14  0:32  Drone x2  
  16  0:45  Drone  
  17  0:51  Hatchery  
  17  0:54  Drone  
  17  0:58  Drone  
  18  1:09  Extractor  
  17  1:13  Spawning Pool  
  17  1:16  Drone  
  17  1:20  Drone  
  18  1:28  Drone  
  19  1:39  Drone  
  20  1:51  Overlord  
  20  1:59  Queen  
  22  2:03  Drone, Queen  
  22  2:04  Zergling x2  
  26  2:13  Metabolic Boost  
  26  2:14  Drone  
  26  2:15  Zergling x2  
  28  2:23  Drone  
  28  2:25  Drone  
  30  2:34  Hatchery  
  30  2:35  Drone  
  30  2:38  Drone  
  30  2:43  Overlord  
  31  2:46  Drone  
  32  2:51  Queen  
  32  2:57  Drone  
  35  3:03  Drone, Queen  
  38  3:08  Drone  
  38  3:11  Drone x3  
  42  3:14  Drone  
  42  3:17  Drone  
  44  3:20  Overlord  
  44  3:24  Overlord  
  44  3:35  Roach Warren  
  44  3:38  Queen  
  44  3:39  Drone x2  
  47  3:43  Zergling x8  
  51  3:49  Queen  
  51  3:51  Drone  
  51  3:52  Drone  
  55  3:56  Overlord  
  55  3:59  Zergling x2  
  55  4:00  Zergling x2  
  57  4:05  Overlord  
  57  4:09  Overlord  
  57  4:19  Roach x4  
  57  4:22  Overlord  
  57  4:23  Overlord  
  65  4:24  Roach  
  65  4:29  Roach x2  
  71  4:32  Zergling x4  
  71  4:34  Zergling x2  
  74  4:39  Zergling x6  
  74  4:45  Zergling x6  
  79  4:56  Drone  
  79  4:57  Drone  
  79  4:58  Roach x2  
  85  5:07  Drone  
  85  5:08  Drone  
  85  5:12  Drone x3  
  90  5:15  Drone x5  
  90  5:18  Drone  
  90  5:20  Extractor  
  95  5:24  Extractor  
  91  5:29  Drone x6  
  96  5:36  Drone  
  96  5:38  Drone  
  98  5:48  Overlord x2, Extractor  
  96  5:50  Lair, Overlord  
  96  5:52  Overlord  
  96  5:54  Overlord  
  94  6:06  Drone x4  
  94  6:07  Drone  
  94  6:08  Drone x2, Extractor  
  94  6:11  Ravager, Evolution Chamber, Roach x3  
  105  6:12  Ravager  
  111  6:18  Roach x2  
  111  6:28  Roach x3  
  111  6:31  Drone x6  
  111  6:32  Drone  
  124  6:37  Roach  
  126  6:41  Roach x3  
  131  6:48  Drone x2  
  131  6:49  Extractor  
  131  6:51  Baneling Nest  
  130  6:58  Drone x3  
  131  7:01  Drone x4  
  131  7:03  Glial Reconstitution  
  131  7:04  Zerg Missile Weapons Level 1  
  131  7:06  Overlord x2  
  135  7:08  Overlord  
  135  7:09  Overlord  
  135  7:13  Drone x3  
  138  7:18  Ravager  
  138  7:21  Hatchery  
  136  7:24  Roach x2  
  136  7:25  Ravager x3  
  136  7:28  Roach x2  
  145  7:31  Roach  
  145  7:32  Ravager x2  
  145  7:35  Roach x2  
  150  7:45  Zergling x18  
  150  7:50  Zergling x4  
  156  7:55  Centrifugal Hooks  
  156  7:56  Zergling x6  
  159  8:04  Overlord x3  
  159  8:06  Zergling x4  
  159  8:07  Zergling x2  
  159  8:10  Overlord  
  159  8:12  Zergling x4  
  162  8:18  Baneling x4  
  162  8:19  Baneling x11  
  162  8:22  Overlord  
  162  8:25  Zergling x10  
  163  8:28  Zergling x2  
  163  8:33  Roach x5  
  174  8:35  Roach  
  173  8:44  Zergling x16  
  178  8:49  Drone x2, Queen  
  178  8:54  Zergling x2  
  179  8:56  Baneling x8  
  179  8:57  Ravager x2  
  179  9:02  Zergling x8  
  185  9:13  Zergling x10  
  182  9:17  Zergling x6  
  181  9:26  Roach x5  
  182  9:32  Roach x2  
  182  9:36  Zergling x2  
  181  9:38  Zergling x6  
  181  9:40  Zergling x2  
Show
View Real Time Build Order
Export as new Build Order

TLHarstem Protoss 

Build Orders: 1 Gate Expand, Mass Adepts 

Get SALT Encoding   

  12  0:00  Probe  
  13  0:12  Probe  
  14  0:19  Pylon  
  14  0:24  Probe  
  15  0:37  Probe (Chrono Boost)  
  15  0:38  Gateway  
  16  0:46  Probe (Chrono Boost)  
  16  0:48  Assimilator  
  17  0:51  Probe (Chrono Boost)  
  18  1:03  Probe  
  19  1:15  Probe  
  20  1:26  Nexus  
  20  1:35  Cybernetics Core  
  20  1:38  Probe  
  21  1:44  Assimilator  
  21  1:50  Probe  
  21  1:53  Pylon  
  22  2:03  Probe  
  23  2:08  Warp Gate (Chrono Boost)  
  23  2:09  Adept (Chrono Boost)  
  23  2:15  Probe  
  26  2:18  Twilight Council  
  26  2:27  Probe  
  27  2:32  Adept  
  29  2:39  Probe  
  29  2:40  Probe  
  31  2:44  Robotics Facility  
  31  2:52  Gateway  
  33  2:58  Probe  
  33  3:02  Stalker  
  33  3:04  Probe  
  35  3:11  Gateway  
  35  3:13  Probe  
  35  3:15  Resonating Glaives (Chrono Boost)  
  35  3:16  Probe  
  37  3:26  Pylon  
  38  3:29  Probe  
  38  3:33  Warp Prism (Chrono Boost)  
  38  3:39  Probe  
  38  3:41  Probe  
  42  3:49  Adept x2  
  42  3:53  Pylon  
  46  3:56  Probe  
  46  3:58  Probe  
  48  4:09  Adept  
  50  4:10  Adept x2  
  50  4:12  Pylon  
  50  4:14  Probe  
  55  4:17  Probe  
  56  4:30  Adept x3  
  63  4:33  Robotics Bay, Probe  
  61  4:48  Probe  
  61  4:49  Probe  
  61  4:51  Adept x2, Pylon  
  67  4:53  Assimilator  
  67  5:00  Probe  
  67  5:02  Probe  
  67  5:05  Pylon  
  69  5:09  Assimilator, Pylon  
  69  5:11  Observer (Chrono Boost)  
  69  5:12  Probe  
  71  5:14  Probe  
  72  5:24  Probe  
  72  5:26  Probe  
  72  5:28  Disruptor (Chrono Boost)  
  74  5:34  Nexus  
  77  5:36  Pylon  
  77  5:39  Probe, Gravitic Drive  
  78  5:45  Probe  
  78  5:51  Probe  
  78  5:53  Disruptor (Chrono Boost)  
  79  6:01  Pylon  
  79  6:03  Probe  
  83  6:04  Probe  
  83  6:08  Gateway  
  83  6:11  Gateway x2  
  84  6:15  Probe  
  84  6:16  Pylon  
  84  6:18  Gateway, Blink (Chrono Boost)  
  84  6:23  Gateway  
  84  6:29  Probe  
  84  6:30  Probe  
  84  6:32  Immortal  
  90  6:37  Pylon  
  90  6:43  Pylon  
  90  6:44  Probe  
  90  6:45  Sentry  
  90  6:46  Sentry  
  95  6:48  Stalker  
  95  6:51  Probe  
  98  6:58  Probe  
  98  7:00  Probe  
  100  7:03  Shield Battery  
  100  7:04  Shield Battery  
  100  7:08  Stalker x3  
  107  7:13  Stalker  
  109  7:16  Stalker  
  109  7:17  Stalker  
  109  7:21  Stalker  
  114  7:25  Probe  
  114  7:26  Probe  
  114  7:27  Stalker, Assimilator  
  118  7:31  Stalker  
  118  7:36  Stalker  
  118  7:37  Zealot x2  
  122  7:46  Stalker x2  
  120  7:57  Stalker  
  120  7:58  Stalker, Zealot x3  
  126  8:01  Pylon  
  126  8:03  Stalker  
  127  8:05  Probe  
  127  8:09  Assimilator  
  123  8:15  Stalker x2  
  127  8:25  Stalker  
  127  8:26  Stalker x2  
  133  8:28  Probe  
  134  8:38  Stalker x3  
  134  8:39  Stalker  
  134  8:40  Zealot  
  138  8:47  Probe  
  138  8:48  Probe  
  132  8:54  Colossus (Chrono Boost)  
  133  8:57  Forge  
  133  9:00  Pylon  
  133  9:01  Pylon  
  138  9:12  Probe  
  139  9:21  Stalker  
  136  9:25  Stalker x4  
  139  9:33  Stalker x3  
  140  9:39  Probe  
  117  9:56  Stalker x4  

Tags
 
Add a new tag
Caveats
  • Supply blocks, unpowered buildings, or Contaminate may cause inaccurate times.
  • Supply counts are checked every 10 seconds.